 Dungeon Crawl Stone Soup version 0.31.0-9-g3a7656b989 (webtiles) character file.

Game seed: 10380001780152780559

591 Sobieck the Shooter (level 7, 0/43 HPs)
             Began as a Deep Elf Hunter on Jan 24, 2024.
             Was a Priest of Jiyva.
             Slain by a two-headed ogre
             ... wielding a +0 dire flail
              (29 damage)
             ... on level 5 of the Dungeon.
             The game lasted 00:05:18 (3046 turns).

Sobieck the Shooter (Deep Elf Hunter)               Turns: 3046, Time: 00:05:18

Health: 0/43       AC:  4    Str:  8    XL:     7   Next: 16%
Magic:  6/9        EV: 15    Int: 14    God:    Jiyva [***...]
Gold:   137        SH:  0    Dex: 20    Spells: 6/6 levels left

rFire   + . .        a - +0 shortbow
rCold   + . .        (shield currently unavailable)
rNeg    + . .        c - +0 leather armour
rPois   .            (no helmet)
rElec   .            o - scarf {rC+ rF+}
rCorr   +            h - +0 pair of gloves
SInv    .            (no boots)
Will    .....        (no amulet)
Stlth   ++           n - ring of positive energy
HPRegen 1.39/turn    (no ring)
MPRegen 0.67/turn

%: no passive effects
@: calling ooze
A: fangs 3, jelly absorbing missiles
a: Renounce Religion, Oozemancy


You were on level 5 of the Dungeon.
You worshipped Jiyva.
Jiyva was most pleased with you.
You visited 1 branch of the dungeon, and saw 5 of its levels.

You collected 137 gold pieces.

Inventory:

Hand Weapons
 a - a +0 shortbow (weapon)
Armour
 c - a +0 leather armour (worn)
 h - a +0 pair of gloves (worn)
 o - a scarf of resistance (worn)
Magical Staves
 k - a staff of alchemy
Jewellery
 i - a +6 ring of intelligence
 n - a ring of positive energy (left hand)
Wands
 f - a wand of quicksilver (6)
 E - a wand of charming (8)
Scrolls
 b - a scroll of butterflies
 d - 2 scrolls of fog {unknown}
 j - a scroll of fear {unknown}
 l - a scroll of brand weapon {unknown}
 R - 3 scrolls of identify
 T - 4 scrolls of teleportation
Potions
 e - a potion of mutation
 g - a potion of cancellation
 m - 2 potions of heal wounds {unknown}
 p - a potion of brilliance {unknown}
 Q - 3 potions of curing


   Skills:
 + Level 4.0 Fighting
 + Level 7.8 Ranged Weapons
 + Level 5.7 Dodging
 - Level 1.2 Stealth
 + Level 0.4 Invocations


You had 6 spell levels left.
You didn't know any spells.
Your spell library contained the following spells:

 Spells                   Type           Power      Damage    Failure   Level
 Mercury Vapours          Alch/Air       0%         N/A       54%         2
 Mephitic Cloud           Conj/Alch/Air  0%         N/A       77%         3
 Freezing Cloud           Conj/Ice/Air   0%         6-21      100%        5


Dungeon Overview and Level Annotations

Branches:
Dungeon (5/15)
 Temple: D:4-7

Altars:
Trog
Uskayaw
Wu Jian
Jiyva

Shops:
D:4 =(

Annotations:
D:3 3 runed translucent doors, Consumeair16's ghost, amateur HuBe


Innate Abilities, Weirdness & Mutations

You have razor-sharp teeth.
You have a small jelly attached to you that may absorb projectiles.


Message History

Found a scale mail.
Found a stone staircase leading down.
Unknown command.
Unknown command.
An adder comes into view.
Unknown command.
Unknown command.
You shoot an arrow. The arrow closely misses the adder.
The adder hisses angrily.
You shoot an arrow. The arrow hits the adder.
The adder is moderately wounded.
You shoot an arrow. The arrow closely misses the adder.
You shoot an arrow. The arrow hits the adder.
The adder is almost dead.
The adder closely misses you. The adder bites you but does no damage.
You shoot an arrow. The arrow barely misses the adder.
The adder misses you.
You shoot an arrow. The arrow hits the adder!
You kill the adder!
No target in view!
You see here an adder corpse.
A two-headed ogre comes into view.
It is wielding a +0 dire flail and a +0 giant spiked club.
Unknown command.
You shoot an arrow.
The arrow hits the two-headed ogre but does no damage.
The two-headed ogre shouts in stereo!
You shoot an arrow.
The arrow hits the two-headed ogre but does no damage.
You shoot an arrow.
The arrow completely misses the two-headed ogre.
You shoot an arrow.
The arrow hits the two-headed ogre but does no damage.
You shoot an arrow.
The arrow hits the two-headed ogre but does no damage.
You shoot an arrow. The arrow hits the two-headed ogre.
The two-headed ogre is lightly wounded.
You shoot an arrow. The arrow hits the two-headed ogre!
The two-headed ogre is moderately wounded.
The two-headed ogre closely misses you.
The two-headed ogre hits you with a +0 giant spiked club!
You shoot an arrow. The arrow hits the two-headed ogre!
The two-headed ogre is moderately wounded.
The two-headed ogre closely misses you. x2
Unknown command.
Activating: Oozemancy (10% risk of failure)
Press: ? - help, Dir - look around, f - activate Slime begins to ooze from the nearby walls!
You can no longer turn your foes to slime.
The walls burn the two-headed ogre!
The two-headed ogre hits you with a +0 dire flail!!
Ouch! That really hurt!
You die...

# #.# ...
.#.##########....
................#
#.##....@O.....#
#######
#.##....#.##....
#..##.# #.##.#.##.#
. #..##[#
#.##.#.##.#
#..##.###.##†...#.#
#.............#.#.#
......###.##....#.#
###.>.# #.#######.#
#...# #.#


You could see a two-headed ogre.

Vanquished Creatures
  A black bear (D:4)
  An ice beast (D:5)
  A centaur (D:4)
  A phantom (D:4)
  A bombardier beetle (D:5)
  A sleepcap (D:5)
  Natasha (twice) (D:2)
  An orc wizard (D:3)
  5 adders
  3 ribbon worms
  A dart slug (D:3)
  7 orcs
  3 ball pythons (D:1)
  8 bats
  3 endoplasms (D:1)
  A giant cockroach (D:3)
  2 goblins (D:1)
  3 hobgoblins
  9 jackals (D:1)
  A kobold (D:2)
  4 quokkas
  5 frilled lizards
  4 rats (D:3)
68 creatures vanquished.

Vanquished Creatures (others)
  A black bear (D:4)
  2 jellies (D:4)
  Natasha (D:2)
  An adder (D:5)
  2 dart slugs
  3 orcs
  2 endoplasms
  2 giant cockroaches
  A goblin (D:4)
  2 hobgoblins
  A quokka (D:4)
  A ball python (D:3)
  A bat (D:3)
  A kobold (D:4)
21 creatures vanquished.

Grand Total: 89 creatures vanquished

Notes
Turn   | Place    | Note
-------+----------+-------------------------------------------
     0 | D:1      | Sobieck the Deep Elf Hunter began the quest for the Orb.
     0 | D:1      | Reached XP level 1. HP: 12/12 MP: 3/3
   104 | D:1      | Reached XP level 2. HP: 17/17 MP: 4/4
   163 | D:1      | Reached skill level 3 in Dodging
   256 | D:1      | Found a faded altar of an unknown god.
   261 | D:1      | Prayed at the altar of an unknown god.
   261 | D:1      | Became a worshipper of Jiyva Jodiameo the Shapeless
   261 | D:1      | Reached * piety under Jiyva
   435 | D:1      | Reached XP level 3. HP: 21/21 MP: 5/5
   726 | D:2      | Noticed Natasha
   736 | D:2      | Killed Natasha
   737 | D:2      | Reached skill level 6 in Ranged Weapons
   818 | D:2      | Noticed Natasha
   824 | D:2      | Killed Natasha
   825 | D:2      | Reached XP level 4. HP: 24/27 MP: 6/6
   856 | D:2      | Killed Natasha
   863 | D:2      | Reached ** piety under Jiyva
  1329 | D:3      | Reached XP level 5. HP: 32/32 MP: 7/7
  1411 | D:3      | Found a runed translucent gate.
  1412 | D:3      | Found a runed translucent gate.
  1413 | D:3      | Found a runed translucent gate.
  1415 | D:3      | Noticed a black bear
  1415 | D:3      | Noticed Consumeair16's ghost (amateur HuBe)
  1546 | D:3      | Reached *** piety under Jiyva
  1698 | D:3      | Found a bloodstained altar of Trog.
  1802 | D:4      | Noticed a phantom
  1809 | D:4      | Killed a phantom
  1810 | D:4      | Reached skill level 3 in Fighting
  1810 | D:4      | Found Erey's Jewellery Boutique.
  1862 | D:4      | Gained mutation: You have very sharp teeth. [Jiyva's grace]
  1862 | D:4      | Gained mutation: You have extremely sharp teeth. [Jiyva's
                  | grace]
  1862 | D:4      | Gained mutation: You have razor-sharp teeth. [Jiyva's
                  | grace]
  1862 | D:4      | Gained mutation: You have a small jelly attached to you
                  | that may absorb projectiles. [Jiyva's grace]
  1894 | D:4      | Found Eliemia's Antique Weapon Shoppe.
  1934 | D:4      | Noticed a centaur
  1940 | D:4      | Killed a centaur
  1941 | D:4      | Reached skill level 7 in Ranged Weapons
  1941 | D:4      | Reached XP level 6. HP: 36/37 MP: 8/8
  2140 | D:4      | Reached **** piety under Jiyva
  2216 | D:4      | Found an ornate altar of the Wu Jian Council.
  2342 | D:4      | Found a hide-covered altar of Uskayaw.
  2897 | D:5      | Entered Level 5 of the Dungeon
  2897 | D:5      | Noticed an ice beast
  2914 | D:5      | Killed an ice beast
  2915 | D:5      | Reached XP level 7. HP: 19/42 MP: 9/9
  3037 | D:5      | Noticed a two-headed ogre
  3046 | D:5      | Slain by a two-headed ogre

Illustrated notes

Levels and vault maps discovered:
D:1:      dpeg_arrival_brainrot, layout_rooms, chequers_ecumenical_altar_lobes
D:2:      layout_rooms, serial_corexii_hall, corexii_hall_statues_s,
          chequers_hall_statues_corner_a, chequers_hall_statues_y,
          chequers_hall_statues_wall_a, roderic_roman_lattice, uniq_natasha
D:3:      layout_rooms, trog_butcher_becter, gammafunk_ghost_split
D:4:      layout_layer_cave, mainiacjoe_overflow_surrounded_room,
          mainiacjoe_overflow_24_doors, serial_shops, nicolae_shop_waterfront,
          minmay_shop_enchanted_jewellery
D:5:      layout_loops_ring, mainiacjoe_overflow_chevrons,
          nicolae_sif_muna_little_library, minmay_temple_entry_sparse_star

Skill      XL: |  1  2  3  4  5  6  7 |
---------------+----------------------+-----
Fighting       | 2 3 4 |  4.0
Dodging        | 3 4 5 |  5.7
Ranged Weapons | 6 7 |  7.8
Stealth        | |  1.2
Invocations    | |  0.4

Action                     |  1- 3 |  4- 6 |  7- 9 || total
---------------------------+-------+-------+-------++-------
   Fire: Shortbow          |    93 |   163 |    23 ||   279
 Invoke: Oozemancy         |       |     1 |     1 ||     2
    Use: Scroll            |       |     4 |       ||     4
 Armour: Leather armour    |    49 |    41 |     5 ||    95
  Dodge: Dodged            |    64 |    54 |     5 ||   123
